 Dungeon Crawl Stone Soup version 0.21.1 (webtiles) character file.

19174 Peloso the Carver (level 12, 0/95 HPs)
             Began as a Minotaur Fighter on Feb 4, 2018.
             Was the Champion of Okawaru.
             Slain by a 12-headed hydra (7 damage)
             ... on level 1 of the Lair of Beasts.
             The game lasted 00:35:11 (10715 turns).

Peloso the Carver (Minotaur Fighter)               Turns: 10715, Time: 00:35:11

Health: 0/95       AC: 31    Str: 29      XL:     12   Next: 34%
Magic:  0/11       EV:  7    Int:  3 (5)  God:    Okawaru [******]
Gold:   599        SH: 14    Dex: 17      Spells: 11/11 levels left

rFire    . . .     SeeInvis .   a - +0 long sword (vamp)
rCold    . . .     Gourm    .   c - +0 shield
rNeg     + . .     Faith    .   b - +0 crystal plate armour
rPois    .         Spirit   +   x - +2 hat {MR+}
rElec    .         Reflect  .   t - +2 cloak
rCorr    .         Harm     .   J - +0 pair of gloves
MR       ++...                  h - +2 pair of boots
Stlth    ..........             K - amulet of guardian spirit
HPRegen  0.25/turn              e - +5 ring of strength
MPRegen  0.12/turn              D - ring of Herebamp {rN+ Dex+5 Slay+2}

@: no status effects
A: retaliatory headbutt, horns 2, frail 1, magic resistance 1
a: Heroism, Finesse, Renounce Religion


You were on level 1 of the Lair of Beasts.
You worshipped Okawaru.
Okawaru was exalted by your worship.
You were hungry.

You visited 3 branches of the dungeon, and saw 13 of its levels.
You visited the Abyss 2 times.

You collected 809 gold pieces.
You spent 210 gold pieces at shops.

Inventory:

Hand Weapons
 a - a +0 vampiric long sword (weapon)
 E - a +4 demon trident
 M - the +8 rapier of the Middle {antimagic, Str+3}
   (You found it on level 2 of the Abyss)

   It reduces the magical energy of the wielder, and disrupts the spells and
   magical abilities of those hit.
   Natural abilities and divine invocations are not affected.
   It affects your strength (+3).
 O - a +0 hand axe of flaming
Missiles
 l - 2 exploding tomahawks (quivered)
Armour
 b - a +0 crystal plate armour (worn)
 c - a +0 shield (worn)
 h - a +2 pair of boots (worn)
 t - a +2 cloak (worn)
 v - a scarf of resistance
 x - a +2 hat of magic resistance (worn)
 J - a +0 pair of gloves (worn)
 N - a -1 cloak
Jewellery
 e - a +5 ring of strength (left hand)
 B - a +4 ring of evasion
 D - the ring of Herebamp (right hand) {rN+ Dex+5 Slay+2}
   (You found it on level 4 of the Dungeon)

   [ring of dexterity]

   It affects your dexterity (+5).
   It affects your accuracy and damage with ranged weapons and melee attacks
   (+2).
   It protects you from negative energy.
 K - an amulet of guardian spirit (around neck)
Wands
 u - a wand of digging (10)
 F - a wand of disintegration (31)
 G - a wand of scattershot (5)
 I - a wand of random effects (21)
 P - a wand of enslavement (17)
 S - a wand of flame (28)
Scrolls
 g - a scroll of fog
 m - 6 scrolls of teleportation
 n - 2 scrolls of enchant armour
 o - 10 scrolls of identify
 p - 8 scrolls of remove curse
 C - 3 scrolls of magic mapping
 H - a scroll of amnesia
 Q - a scroll of summoning
 R - a scroll of acquirement {unknown}
Potions
 d - 3 potions of might
 j - 3 potions of invisibility
 k - 4 potions of haste
 q - 2 potions of cancellation {unknown}
 r - 3 potions of ambrosia
 w - a potion of brilliance {unknown}
 z - a potion of flight
 A - 3 potions of heal wounds {unknown}
 L - a potion of agility
Books
 s - a book of Geomancy

   Spells                             Type                      Level
   a - Sandblast                      Earth                        1
   b - Passwall                       Transmutation/Earth          2
   c - Stone Arrow                    Conjuration/Earth            3
   d - Petrify                        Transmutation/Earth          4
   e - Lee's Rapid Deconstruction     Earth                        5
 y - a book of Conjurations

   Spells                             Type                      Level
   a - Magic Dart                     Conjuration                  1
   b - Searing Ray                    Conjuration                  2
   c - Dazzling Spray                 Conjuration/Hexes            3
   d - Fulminant Prism                Conjuration/Hexes            4
   e - Force Lance                    Conjuration/Translocation    4
   f - Iskenderun's Mystic Blast      Conjuration                  4
Miscellaneous
 i - a crystal ball of energy
Comestibles
 f - 28 rations


   Skills:
 + Level 10.0 Fighting
 + Level 14.3 Long Blades
 + Level 1.4 Axes
 + Level 0.2 Throwing
 + Level 11.2 Armour
 + Level 3.3 Dodging
 + Level 1.3 Stealth
 + Level 12.8 Shields
 + Level 0.2 Invocations
 + Level 1.2 Evocations


You had 11 spell levels left.
You didn't know any spells.

Dungeon Overview and Level Annotations

Branches:
Dungeon (11/15)            Temple (1/1) D:6            Lair (1/6) D:9
    Orc (0/2) D:10

Altars:
Ashenzari
Cheibriados
Dithmenos
Elyvilon
Fedhas
Gozag
Hepliaklqana
Kikubaaqudgha
Makhleb
Nemelex Xobeh
Okawaru
Qazlal
Ru
Sif Muna
Trog
Uskayaw
Vehumet
Wu Jian
Xom
Yredelemnul
Zin
The Shining One

Shops:
D:4 =   D:5 (   D:6 [   D:8 ?   D:9 %

Annotations:
D:5 2 transporters


Innate Abilities, Weirdness & Mutations

You reflexively headbutt those who attack you in melee.
You have a pair of horns on your head.
You are frail. (-10% HP)
You are resistant to hostile enchantments. (MR+)


Message History

The 11-headed hydra barely misses you.
The 11-headed hydra bites you but does no damage.
You lop one of the 11-headed hydra's heads off!
The ten-headed hydra grows two more!
You hit the 12-headed hydra.
You feel better.
You headbutt the 12-headed hydra!
The 12-headed hydra is almost dead.
The crocodile bites you!
* * * LOW HITPOINT WARNING * * *
The 12-headed hydra bites you but does no damage.
The 12-headed hydra completely misses you.
You block the 12-headed hydra's attack.
The 12-headed hydra bites you but does no damage.
The 12-headed hydra completely misses you.
The 12-headed hydra bites you but does no damage.
You block the 12-headed hydra's attack.
The 12-headed hydra bites you but does no damage. x2
You block the 12-headed hydra's attack. The 12-headed hydra bites you!
* * * LOW HITPOINT WARNING * * *
The 12-headed hydra bites you!
You die...

..................##
.................##..
.....#!..###.....#..##.
................#.....
††..#.......#...#....
....#......###.#...# .
....#....##.8.##...# 8.8
....###.#......#..#.....
..........8.>..!@.....>.
...............D.t......
..........#.8.##.....8.8
...........#####........
.)........... .........
................#..#....
................ #.....#
..............(. #.....
....######.###..


You could see a 12-headed hydra and a crocodile.

Vanquished Creatures
  Gastronok (D:10)
  A hydra (D:8)
  2 two-headed ogres
  Urug (D:11)
  A titan zombie (Abyss:2)
  Sonja (Lair:1)
  A glowing orange brain (Abyss:2)
  An unseen horror (D:11)
  A wolf spider zombie (D:11)
  A cyclops (D:10)
  A black mamba (Lair:1)
  An apocalypse crab (Abyss:2)
  2 gargoyles (D:10)
  Joseph (Lair:1)
  2 spiny frogs (Lair:1)
  An ancient zyme (Abyss:2)
  4 blink frogs (Lair:1)
  A hornet (D:9)
  2 dream sheep
  2 hippogriffs
  Sigmund (D:3)
  A wraith (D:10)
  2 ynoxinuls
  8 yaks
  2 steam dragons (D:11)
  2 small abominations (Abyss:2)
  4 hungry ghosts
  A water moccasin (Lair:1)
  A large abomination (Abyss:2)
  2 hell hounds (D:9)
  4 orc warriors
  A porcupine (Lair:1)
  A sky beast (Abyss:2)
  3 ice beasts
  3 phantoms
  4 wolves (Lair:1)
  The ghost of khargal the Changer, an amateur DrTm (D:3)
  7 ogres
  3 centaurs
  A crocodile (Lair:1)
  4 big kobolds
  6 bullfrogs
  3 scorpions
  7 howler monkeys
  4 crimson imps
  A bullfrog zombie (D:9)
  3 jellies
  4 hounds
  3 orc wizards
  2 orc priests
  A bullfrog skeleton (D:3)
  3 centaur skeletons
  Crazy Yiuf (D:2)
  An iguana (D:11)
  Terence (D:3)
  12 worker ants
  A hound zombie (D:5)
  2 hound skeletons
  A howler monkey zombie (D:8)
  3 gnolls (D:8)
  15 adders
  A howler monkey skeleton (D:4)
  2 shadow imps
  An ufetubus (Abyss:2)
  An ooze (D:5)
  2 adder skeletons
  3 adder zombies
  4 worms
  2 dart slugs (D:3)
  12 leopard geckos
  55 orcs
  3 bat zombies (D:4)
  6 giant cockroaches
  11 goblins
  7 hobgoblins
  14 jackals
  5 quokkas
  7 bats
  4 frilled lizards
  A jackal zombie (D:5)
  8 kobolds
  4 rats
  A rat zombie (D:4)
312 creatures vanquished.

Vanquished Creatures (others)
  A fungus (Lair:1)
1 creature vanquished.

Grand Total: 313 creatures vanquished

Notes
Turn   | Place    | Note
-------+----------+-------------------------------------------
     0 | D:1      | Peloso the Minotaur Fighter began the quest for the Orb.
     0 | D:1      | Reached XP level 1. HP: 19/19 MP: 0/0
   123 | D:1      | Reached XP level 2. HP: 25/27 MP: 1/1
   686 | D:2      | Reached XP level 3. HP: 24/33 MP: 2/2
   705 | D:2      | Reached skill level 1 in Dodging
   980 | D:2      | Reached skill level 3 in Long Blades
  1008 | D:2      | Reached XP level 4. HP: 34/40 MP: 3/3
  1064 | D:2      | Found a sparkling altar of Nemelex Xobeh.
  1260 | D:2      | Found a runed door.
  1264 | D:2      | Noticed Crazy Yiuf
  1271 | D:2      | Killed Crazy Yiuf
  1405 | D:3      | Reached skill level 5 in Shields
  1436 | D:3      | Reached XP level 5. HP: 34/46 MP: 4/4
  1487 | D:3      | Noticed Terence
  1493 | D:3      | Killed Terence
  1560 | D:3      | Reached skill level 4 in Long Blades
  1567 | D:3      | Noticed an ogre
  1572 | D:3      | Killed an ogre
  1572 | D:3      | Reached skill level 5 in Armour
  1616 | D:3      | Noticed Sigmund
  1656 | D:3      | Reached XP level 6. HP: 52/52 MP: 5/5
  1712 | D:3      | Found a faded altar of an unknown god.
  1754 | D:3      | Noticed khargal's ghost (amateur DrTm)
  1765 | D:3      | Killed khargal's ghost
  1765 | D:3      | Reached skill level 5 in Long Blades
  1843 | D:3      | Found a stormy altar of Qazlal.
  1906 | D:3      | Found a radiant altar of Vehumet.
  2271 | D:3      | Killed Sigmund
  2271 | D:3      | Reached XP level 7. HP: 29/60 MP: 6/6
  2543 | D:4      | Found Dapt's Jewellery Shop.
  2551 | D:4      | Noticed a dagger
  2553 | D:4      | Found a hide-covered altar of Uskayaw.
  2553 | D:4      | Noticed a hand axe
  2613 | D:4      | Got a slimy lapis lazuli ring
  2614 | D:4      | Identified the ring of Herebamp {rN+ Dex+5 Slay+2} (You found it on level 4 of the Dungeon)
  2768 | D:4      | Reached skill level 5 in Fighting
  2768 | D:4      | Reached skill level 6 in Long Blades
  2955 | D:4      | Found an ancient bone altar of Kikubaaqudgha.
  3189 | D:5      | Entered Level 5 of the Dungeon
  3250 | D:5      | Found Zeni's Weapon Shop.
  3279 | D:5      | Found a transporter.
  3379 | D:5      | Found an opulent altar of Gozag.
  3590 | D:5      | Found a transporter.
  3594 | D:5      | Noticed a fire bat
  3620 | D:5      | Reached XP level 8. HP: 68/68 MP: 7/7
  3958 | D:6      | Reached skill level 7 in Long Blades
  3999 | D:6      | Gained mutation: You are frail. (-10% HP) [mutagenic glow]
  4029 | D:6      | Gained mutation: Scrolls take you a little longer to read. [mutagenic glow]
  4034 | D:6      | Found a sparkling altar of Nemelex Xobeh.
  4101 | D:6      | Found Igruaj's Armour Emporium.
  4146 | D:6      | Reached skill level 8 in Long Blades
  4226 | D:6      | Found a staircase to the Ecumenical Temple.
  4278 | Temple   | Entered the Ecumenical Temple
  4623 | D:7      | Found a shimmering altar of Xom.
  4734 | D:7      | Reached skill level 9 in Long Blades
  4921 | D:7      | Reached XP level 9. HP: 67/67 MP: 8/8
  5643 | D:8      | Found Wueteaph's Magic Scroll Boutique.
  5660 | D:8      | Bought a scroll of magic mapping for 49 gold pieces
  5660 | D:8      | Bought a scroll of identify for 28 gold pieces
  5660 | D:8      | Bought a scroll of remove curse for 42 gold pieces
  5660 | D:8      | Bought a scroll of magic mapping for 49 gold pieces
  5660 | D:8      | Bought a scroll of teleportation for 42 gold pieces
  5934 | D:8      | Reached skill level 10 in Long Blades
  5950 | D:7      | Reached skill level 1 in Stealth
  6259 | D:8      | Noticed a two-headed hydra
  6265 | D:8      | Killed a one-headed hydra
  6265 | D:8      | Reached skill level 11 in Long Blades
  6573 | D:9      | Reached XP level 10. HP: 77/77 MP: 9/9
  6581 | D:9      | Noticed a two-headed ogre
  6596 | D:9      | Killed a two-headed ogre
  6651 | D:9      | Found Kyzonoi's Food Shop.
  6680 | D:9      | Found a staircase to the Lair.
  7028 | D:9      | Lost mutation: You are frail. (-10% HP) [potion of mutation]
  7028 | D:9      | Lost mutation: Scrolls take you a little longer to read. [potion of mutation]
  7028 | D:9      | Gained mutation: You are frail. (-10% HP) [potion of mutation]
  7028 | D:9      | Gained mutation: You are resistant to hostile enchantments. (MR+) [potion of mutation]
  7065 | D:9      | Found an iron altar of Okawaru.
  7066 | D:9      | Found an ornate altar of the Wu Jian Council.
  7077 | D:9      | Found a deep blue altar of Sif Muna.
  7081 | D:9      | Became a worshipper of Warmaster Okawaru
  7177 | D:9      | Paralysed by a hornet for 2 turns
  7504 | D:9      | Found a bloodstained altar of Trog.
  7721 | D:10     | Entered Level 10 of the Dungeon
  7722 | D:10     | Reached skill level 1 in Axes
  7776 | D:10     | Found a staircase to the Orcish Mines.
  7782 | D:10     | Reached skill level 1 in Evocations
  7784 | D:10     | Noticed a cyclops
  7792 | D:10     | Reached * piety under Okawaru
  7807 | D:10     | Killed a cyclops
  7807 | D:10     | Reached skill level 12 in Long Blades
  7807 | D:10     | Reached skill level 10 in Shields
  7935 | D:10     | Noticed a gargoyle
  7947 | D:10     | Killed a gargoyle
  7947 | D:10     | Reached ** piety under Okawaru
  8025 | D:10     | Noticed Gastronok
  8039 | D:10     | Killed Gastronok
  8039 | D:10     | Reached *** piety under Okawaru
  8039 | D:10     | Reached XP level 11. HP: 85/85 MP: 10/10
  8361 | D:11     | Reached **** piety under Okawaru
  8391 | D:11     | Noticed a two-headed ogre
  8402 | D:11     | Killed a two-headed ogre
  8402 | D:11     | Reached skill level 13 in Long Blades
  8471 | D:11     | Killed an unseen horror
  8679 | D:11     | Reached ***** piety under Okawaru
  8770 | D:11     | Reached skill level 10 in Armour
  8809 | D:11     | Found a white marble altar of Elyvilon.
  8991 | D:11     | Noticed Urug
  9006 | D:11     | Killed Urug
  9605 | Lair:1   | Entered Level 1 of the Lair of Beasts
  9805 | Lair:1   | Noticed Joseph
  9816 | Lair:1   | Killed Joseph
  9958 | Lair:1   | Noticed Sonja
  9972 | Lair:1   | Reached XP level 12. HP: 55/95 MP: 8/11
  9991 | Lair:1   | Cast into level 2 of the Abyss (Sonja)
 10000 | Abyss:2  | Noticed a starcursed mass
 10029 | Abyss:3  | Found a corrupted altar of Lugonu.
 10081 | Lair:1   | Escaped the Abyss
 10293 | Lair:1   | Reached skill level 14 in Long Blades
 10325 | Lair:1   | Cast into level 2 of the Abyss (Sonja)
 10332 | Abyss:2  | Found a corrupted altar of Lugonu.
 10459 | Abyss:2  | Reached ****** piety under Okawaru
 10505 | Abyss:2  | Reached skill level 10 in Fighting
 10577 | Abyss:2  | Got a dazzling rapier
 10647 | Lair:1   | Escaped the Abyss
 10657 | Lair:1   | Killed Sonja
 10657 | Lair:1   | Received a gift from Okawaru
 10662 | Lair:1   | Identified the +8 rapier of the Middle {antimagic, Str+3} (You found it on level 2 of the Abyss)
 10698 | Lair:1   | Noticed a five-headed hydra
 10715 | Lair:1   | Slain by a 12-headed hydra

Skill      XL: |  1  2  3  4  5  6  7  8  9 10 11 12 |
---------------+-------------------------------------+-----
Shields        | 4 5 6 7 9 10 12 | 12.8
Armour         | 4 5 6 8 9 10 11 | 11.2
Dodging        | 1 2 3 |  3.3
Fighting       | 4 5 7 8 9 10 | 10.0
Long Blades    | 3 4 5 6 9 11 12 13 14 | 14.3
Stealth        | 1 |  1.3
Axes           | 1 |  1.4
Evocations     | 1 |  1.2
Throwing       | |  0.2
Invocations    | |  0.2

Action                   |  1- 3 |  4- 6 |  7- 9 | 10-12 || total
-------------------------+-------+-------+-------+-------++-------
Melee: Long sword        |   105 |   117 |   226 |   513 ||   961
       Headbutt          |     9 |    25 |    74 |   188 ||   296
       Hand axe          |       |       |     4 |       ||     4
Throw: Tomahawk          |       |     2 |       |       ||     2
Invok: Heroism           |       |       |       |     2 ||     2
Evoke: Wand              |       |       |       |     4 ||     4
  Use: Potion            |       |       |     1 |     9 ||    10
       Scroll            |       |       |       |    24 ||    24
  Eat: Chunk             |       |     4 |    13 |    14 ||    31
       Ration            |       |       |       |     1 ||     1
Armor: Scale mail        |     9 |       |       |       ||     9
       Chain mail        |    67 |    77 |    60 |       ||   204
       Plate armour      |       |       |    47 |   100 ||   147
       Crystal plate arm |       |       |       |   126 ||   126
Dodge: Dodged            |    55 |    47 |    53 |   115 ||   270
Block: Shield            |    97 |    78 |   135 |   314 ||   624
       Rpst.: Long sword |    13 |    13 |    13 |    26 ||    65
